3AAA
BRINKLEY BELUGAS @ NAPERVILLE BATTLEKINGS
08/20/2027
 
TOP OF THE 1ST
Brinkley Belugas batting - Pitching for Naperville Battlekings : RHP Kenshin Koike
Pitching: RHP Kenshin Koike
Batting: RHB Enrico Betancourt 0-0: Swinging Strike
0-1: Swinging Strike
0-2: Foul Ball, location: 2F
0-2: Ball
1-2: Foul Ball, location: 2F
1-2: Strikes out swinging
Batting: RHB Jay Kidd 0-0: Ball
1-0: Swinging Strike
1-1: Ball
2-1: Ground out U3 (Groundball, 3)
Batting: LHB Mike Cook 0-0: Ball
1-0: Ball
2-0: Called Strike
2-1: Ball
3-1: SOLO HOME RUN (Flyball, 89XD), Distance : 388 ft
Batting: RHB Brandon Cole 0-0: Ball
1-0: Swinging Strike
1-1: Called Strike
1-2: Ball
2-2: Ball
3-2: Strikes out swinging
Top of the 1st over - 1 run(s), 1 hit(s), 0 error(s), 0 left on base; Brinkley 1 - Naperville 0
BOTTOM OF THE 1ST
Naperville Battlekings batting - Pitching for Brinkley Belugas : RHP Juan Hernández
Pitching: RHP Juan Hernández
Batting: RHB Zeus Preckwinkle 0-0: Swinging Strike
0-1: Ball
1-1: Ball
2-1: Swinging Strike
2-2: SOLO HOME RUN (Flyball, 7LD), Distance : 344 ft
Batting: LHB Curtis Peters 0-0: Called Strike
0-1: Foul Ball, location: 2F
0-2: Foul Ball, location: 2F
0-2: Fly out, F4 (Popup, 3D)
Batting: RHB Ángel Rivera 0-0: Foul Ball, location: 2F
0-1: Ball
1-1: Fly out, F4 (Popup, 4MD)
Batting: LHB Sam Good 0-0: Ball
1-0: Called Strike
1-1: Swinging Strike
1-2: Foul Ball, location: 2F
1-2: Ball
2-2: Fly out, F8 (Line Drive, 8LM)
Bottom of the 1st over - 1 run(s), 1 hit(s), 0 error(s), 0 left on base; Brinkley 1 - Naperville 1
TOP OF THE 2ND
Brinkley Belugas batting - Pitching for Naperville Battlekings : RHP Kenshin Koike
Batting: RHB Parker Smith 0-0: Ground out 6-3 (Groundball, 6)
Batting: SHB Zuberi Mccray 0-0: Called Strike
0-1: Ball
1-1: Ball
2-1: SINGLE (Groundball, 4D)
Batting: LHB Natale Langushi 0-0: Foul Ball, location: 2F
0-1: Ball
1-1: Foul Ball, location: 2F
1-2: Ball
2-2: Strikes out swinging
Batting: RHB Steve Jones 0-0: Ball
1-0: Foul Ball, location: 2F
1-1: Ground out 6-3 (Groundball, 6D)
Top of the 2nd over - 0 run(s), 1 hit(s), 0 error(s), 1 left on base; Brinkley 1 - Naperville 1
BOTTOM OF THE 2ND
Naperville Battlekings batting - Pitching for Brinkley Belugas : RHP Juan Hernández
Batting: RHB Manuel Guillama 0-0: Called Strike
0-1: Called Strike
0-2: Foul Ball, location: 2F
0-2: Foul Ball, location: 2F
0-2: Strikes out looking
Batting: RHB Jorge Baker 0-0: Swinging Strike
0-1: Swinging Strike
0-2: Strikes out swinging
Batting: LHB Joe Cashmore 0-0: Foul Ball, location: 2F
0-1: Ball
1-1: Ground out 3-1 (Groundball, 34S)
Bottom of the 2nd over - 0 run(s), 0 hit(s), 0 error(s), 0 left on base; Brinkley 1 - Naperville 1
TOP OF THE 3RD
Brinkley Belugas batting - Pitching for Naperville Battlekings : RHP Kenshin Koike
Batting: RHB Randy Tucker 0-0: Foul Ball, location: 2F
0-1: Swinging Strike
0-2: Foul Ball, location: 2F
0-2: Reached on error, E4 (Groundball, 4)
Batting: RHB Enrico Betancourt 0-0: Ball
1-0: TRIPLE (Flyball, 7D)
Randy Tucker scores
Batting: RHB Jay Kidd 0-0: Ground out 6-3 (Groundball, 6MS)
Enrico Betancourt scores
Batting: LHB Mike Cook 0-0: Called Strike
0-1: Fly out, F7 (Flyball, 7LM)
Batting: RHB Brandon Cole 0-0: Ball
1-0: Called Strike
1-1: SOLO HOME RUN (Line Drive, 7LD), Distance : 355 ft
Batting: RHB Parker Smith 0-0: Ball
1-0: Swinging Strike
1-1: Swinging Strike
1-2: Ball
2-2: SINGLE (Groundball, 34D)
Batting: SHB Zuberi Mccray 0-0: Ball
1-0: Ball
2-0: Swinging Strike
2-1: Ground out 6-3 (Groundball, 6MS)
Top of the 3rd over - 3 run(s), 3 hit(s), 1 error(s), 1 left on base; Brinkley 4 - Naperville 1
BOTTOM OF THE 3RD
Naperville Battlekings batting - Pitching for Brinkley Belugas : RHP Juan Hernández
Batting: RHB Scott Zijm 0-0: Called Strike
0-1: Ground out 5-3 (Groundball, 56)
Batting: RHB Pancho Núñez 0-0: Ball
1-0: Swinging Strike
1-1: Ball
2-1: Called Strike
2-2: Foul Ball, location: 2F
2-2: Foul Ball, location: 2F
2-2: Ground out 5-3 (Groundball, 56S)
Batting: RHB Zeus Preckwinkle 0-0: Ground out 5-3 (Groundball, 56)
Bottom of the 3rd over - 0 run(s), 0 hit(s), 0 error(s), 0 left on base; Brinkley 4 - Naperville 1
TOP OF THE 4TH
Brinkley Belugas batting - Pitching for Naperville Battlekings : RHP Kenshin Koike
Batting: LHB Natale Langushi 0-0: Ball
1-0: Ground out 6-3 (Groundball, 6)
Batting: RHB Steve Jones 0-0: Ball
1-0: Called Strike
1-1: Ball
2-1: Called Strike
2-2: Foul Ball, location: 2F
2-2: Ball
3-2: Base on Balls
Batting: RHB Randy Tucker 0-0: Swinging Strike
0-1: Fly out, F8 (Flyball, 89M)
Batting: RHB Enrico Betancourt 0-0: Ball
1-0: Foul Ball, location: 2F
1-1: Swinging Strike
1-2: Reached on error, E6 (Groundball, 6)
Steve Jones to second
Batting: RHB Jay Kidd 0-0: Ball
1-0: Single, Error in OF, E8, batter to second base
Steve Jones scores
Enrico Betancourt to third
Batting: LHB Mike Cook 0-0: SINGLE (Line Drive, 4)
Enrico Betancourt scores
Jay Kidd to third
Runner from 3rd tries for Home, SAFE, no throw
Batting: RHB Brandon Cole 0-0: Ball
1-0: Called Strike
1-1: Swinging Strike
1-2: Ball
2-2: Fly out, F7 (Flyball, 7D)
Top of the 4th over - 3 run(s), 2 hit(s), 2 error(s), 1 left on base; Brinkley 7 - Naperville 1
BOTTOM OF THE 4TH
Naperville Battlekings batting - Pitching for Brinkley Belugas : RHP Juan Hernández
Batting: LHB Curtis Peters 0-0: Ball
1-0: Swinging Strike
1-1: Ball
2-1: Swinging Strike
2-2: Foul Ball, location: 2F
2-2: Ball
3-2: Foul Ball, location: 2F
3-2: Foul Ball, location: 2F
3-2: Base on Balls
Batting: RHB Ángel Rivera 0-0: Fly out, F5 (Popup, 5S)
Batting: LHB Sam Good 0-0: SINGLE (Groundball, 56D)
Curtis Peters to second
Batting: RHB Manuel Guillama 0-0: Ball
1-0: Grounds into double play, 6-4-3 (Groundball, 6M)
Bottom of the 4th over - 0 run(s), 1 hit(s), 0 error(s), 1 left on base; Brinkley 7 - Naperville 1
TOP OF THE 5TH
Brinkley Belugas batting - Pitching for Naperville Battlekings : RHP Kenshin Koike
Pitching: LHP Russ Wood
Batting: RHB Parker Smith 0-0: Called Strike
0-1: Swinging Strike
0-2: Ground out 5-3 (Groundball, 5)
Batting: SHB Zuberi Mccray 0-0: Ball
1-0: Fly out, F9 (Flyball, 89S)
Batting: LHB Natale Langushi 0-0: Called Strike
0-1: Ball
1-1: Called Strike
1-2: Strikes out swinging
Top of the 5th over - 0 run(s), 0 hit(s), 0 error(s), 0 left on base; Brinkley 7 - Naperville 1
BOTTOM OF THE 5TH
Naperville Battlekings batting - Pitching for Brinkley Belugas : RHP Juan Hernández
Batting: RHB Jorge Baker 0-0: Ball
1-0: Ball
2-0: Ball
3-0: Base on Balls
Pitching: RHP Steven Jones
Batting: LHB Joe Cashmore 0-0: Called Strike
0-1: Called Strike
0-2: Foul Ball, location: 2F
0-2: Ball
1-2: Strikes out looking
Batting: RHB Scott Zijm 0-0: Foul Ball, location: 2F
0-1: Ball
1-1: Ball
2-1: Ball
3-1: Swinging Strike
3-2: Foul Ball, location: 2F
3-2: Foul Ball, location: 2F
3-2: Fly out, F3 (Popup, 3S)
Batting: RHB Pancho Núñez 0-0: Ground out 5-3 (Groundball, 56S)
Bottom of the 5th over - 0 run(s), 0 hit(s), 0 error(s), 1 left on base; Brinkley 7 - Naperville 1
TOP OF THE 6TH
Brinkley Belugas batting - Pitching for Naperville Battlekings : LHP Russ Wood
Batting: RHB Steve Jones 0-0: Fly out, F7 (Flyball, 7LS)
Batting: RHB Randy Tucker 0-0: Called Strike
0-1: Called Strike
0-2: Ball
1-2: Strikes out swinging
Batting: RHB Enrico Betancourt 0-0: Fly out, F9 (Flyball, 9LSF)
Top of the 6th over - 0 run(s), 0 hit(s), 0 error(s), 0 left on base; Brinkley 7 - Naperville 1
BOTTOM OF THE 6TH
Naperville Battlekings batting - Pitching for Brinkley Belugas : RHP Steven Jones
Batting: RHB Zeus Preckwinkle 0-0: Foul Ball, location: 2F
0-1: Ball
1-1: SINGLE (Line Drive, 6MD)
Batting: LHB Curtis Peters 0-0: Ball
Zeus Preckwinkle is caught stealing 2nd base
1-0: SINGLE (Groundball, 6MD)
Batting: RHB Ángel Rivera 0-0: Ball
1-0: Fly out, F9 (Flyball, 9S)
Batting: LHB Sam Good 0-0: Ball
1-0: Foul Ball, location: 2F
1-1: Called Strike
1-2: Foul Ball, location: 2F
1-2: Foul Ball, location: 2F
1-2: Ball
2-2: Ball
3-2: Foul Ball, location: 2F
3-2: SINGLE (Line Drive, 7LS)
Curtis Peters to second
Curtis Peters to third
Batting: RHB Manuel Guillama 0-0: Ball
1-0: Called Strike
1-1: Ball
2-1: Ground out 5-3 (Groundball, 56S)
Bottom of the 6th over - 0 run(s), 3 hit(s), 0 error(s), 2 left on base; Brinkley 7 - Naperville 1
TOP OF THE 7TH
Brinkley Belugas batting - Pitching for Naperville Battlekings : LHP Russ Wood
Batting: RHB Jay Kidd 0-0: Ball
1-0: Ground out 4-3 (Groundball, 4)
Batting: LHB Mike Cook 0-0: Foul Ball, location: 2F
0-1: Ball
1-1: Ball
2-1: Foul Ball, location: 2F
2-2: Foul Ball, location: 2F
2-2: Fly out, F8 (Flyball, 78D)
Batting: RHB Brandon Cole 0-0: Ball
1-0: Ball
2-0: Ball
3-0: Called Strike
3-1: Base on Balls
Batting: RHB Parker Smith 0-0: Ball
1-0: Called Strike
1-1: Swinging Strike
1-2: Fly out, F9 (Flyball, 9)
Top of the 7th over - 0 run(s), 0 hit(s), 0 error(s), 1 left on base; Brinkley 7 - Naperville 1
BOTTOM OF THE 7TH
Naperville Battlekings batting - Pitching for Brinkley Belugas : RHP Steven Jones
Pitching: RHP Enrique García
Batting: RHB Jorge Baker 0-0: Called Strike
0-1: Ball
1-1: Foul Ball, location: 2F
1-2: Foul Ball, location: 2F
1-2: Ball
2-2: Foul Ball, location: 2F
2-2: Ball
3-2: Base on Balls
Batting: LHB Joe Cashmore 0-0: Called Strike
0-1: Grounds into double play, 4-6-3 (Groundball, 4)
Batting: RHB Scott Zijm 0-0: Called Strike
0-1: Called Strike
0-2: Ball
1-2: SINGLE (Flyball, 9S)
Batting: RHB Pancho Núñez 0-0: Swinging Strike
0-1: Foul Ball, location: 2F
0-2: Ball
1-2: Strikes out swinging
Bottom of the 7th over - 0 run(s), 1 hit(s), 0 error(s), 1 left on base; Brinkley 7 - Naperville 1
TOP OF THE 8TH
Brinkley Belugas batting - Pitching for Naperville Battlekings : LHP Russ Wood
Batting: SHB Zuberi Mccray 0-0: Ball
1-0: Ball
2-0: Called Strike
2-1: Called Strike
2-2: Foul Ball, location: 2F
2-2: Fly out, F8 (Flyball, 8LS)
Batting: LHB Natale Langushi 0-0: Called Strike
0-1: Swinging Strike
0-2: SINGLE (Groundball, 4S) (infield hit)
Batting: RHB Steve Jones 0-0: Called Strike
0-1: Fly out, F7 (Flyball, 78S)
Batting: RHB Randy Tucker 0-0: Foul Ball, location: 2F
0-1: Foul Ball, location: 2F
0-2: Ball
1-2: Reached on error, E6 (Groundball, 6)
Natale Langushi to second
Batting: RHB Enrico Betancourt 0-0: Fielders Choice at 2nd, 5-4 (Groundball, 56)
Top of the 8th over - 0 run(s), 1 hit(s), 1 error(s), 1 left on base; Brinkley 7 - Naperville 1
BOTTOM OF THE 8TH
Naperville Battlekings batting - Pitching for Brinkley Belugas : RHP Enrique García
Now at C: Ubbe van Antwerpen
Now in CF: Manny Carbajal
Batting: RHB Zeus Preckwinkle 0-0: Ball
1-0: Called Strike
1-1: Ball
2-1: Ground out 5-3 (Groundball, 5L)
Batting: LHB Curtis Peters 0-0: Ball
1-0: Swinging Strike
1-1: Ball
2-1: Called Strike
2-2: Fly out, F7 (Flyball, 78S)
Batting: RHB Ángel Rivera 0-0: Ground out 6-3 (Groundball, 56)
Bottom of the 8th over - 0 run(s), 0 hit(s), 0 error(s), 0 left on base; Brinkley 7 - Naperville 1
TOP OF THE 9TH
Brinkley Belugas batting - Pitching for Naperville Battlekings : LHP Russ Wood
Batting: RHB Jay Kidd 0-0: Ball
1-0: Ball
2-0: Ball
3-0: Called Strike
3-1: Ground out 6-3 (Groundball, 56)
Batting: LHB Mike Cook 0-0: Ball
1-0: Ball
2-0: Ball
3-0: Base on Balls
Batting: RHB Brandon Cole 0-0: Ball
1-0: Ball
2-0: Ball
3-0: Base on Balls
Mike Cook to second
Batting: RHB Parker Smith 0-0: Ball
1-0: Ball
2-0: Foul Ball, location: 2F
2-1: DOUBLE (Line Drive, 9LM)
Mike Cook scores
Brandon Cole to third
Runner from 3rd tries for Home, SAFE, throw made home
Batting: LHB Ubbe van Antwerpen 0-0: Ball
1-0: Ball
2-0: Reached on error, E6 (Groundball, 6)
Parker Smith scores
Batting: LHB Natale Langushi 0-0: Swinging Strike
0-1: Ball
1-1: Foul Ball, location: 2F
1-2: Strikes out swinging
Batting: RHB Steve Jones 0-0: Foul Ball, location: 2F
0-1: Swinging Strike
0-2: Reached on error, E9 (Flyball, 89S)
Ubbe van Antwerpen scores
Pitching: LHP Guus Ketting
Batting: RHB Manny Carbajal 0-0: Ball
1-0: Called Strike
1-1: Foul Ball, location: 2F
1-2: Ball
2-2: Ball
3-2: Foul Ball, location: 2F
3-2: Strikes out swinging
Top of the 9th over - 4 run(s), 1 hit(s), 2 error(s), 1 left on base; Brinkley 11 - Naperville 1
BOTTOM OF THE 9TH
Naperville Battlekings batting - Pitching for Brinkley Belugas : RHP Enrique García
Batting: LHB Sam Good 0-0: Ball
1-0: DOUBLE (Line Drive, 9LS)
Batting: RHB Manuel Guillama 0-0: Ball
1-0: Fly out, F7 (Flyball, 78D)
Batting: RHB Jorge Baker 0-0: SINGLE (Flyball, 9LM)
Sam Good to third
Batting: LHB Joe Cashmore 0-0: Fly out, F8 (Line Drive, 8RD)
Runner from 3rd tags up, SCORES, no throw
Batting: RHB Scott Zijm 0-0: Ball
1-0: Foul Ball, location: 2F
1-1: Swinging Strike
1-2: Foul Ball, location: 2F
1-2: Ball
2-2: Strikes out swinging
Bottom of the 9th over - 1 run(s), 2 hit(s), 0 error(s), 1 left on base; Brinkley 11 - Naperville 2
Saturday, May 26th, 2018 - OOTP Baseball 17.12 Build 75